NASHVILLE Predators vs ST. LOUIS Blues

Created - 22 novembre 2018 at 19:35

Goals
1 2 3 OT1 T
NASHVILLE Predators 2 1 1 1 5
ST. LOUIS Blues 1 0 3 0 4
Shots
1 2 3 OT1 T
NASHVILLE Predators 9 15 8 3 35
ST. LOUIS Blues 10 10 17 2 39

1st period

1. NASHVILLE Predators , Viktor Arvidsson 13 (Aleksander Barkov 18) at 9:25 (PP)
2. ST. LOUIS Blues , Claude Giroux 7 (John Moore 4) at 11:27
3. NASHVILLE Predators , Patrik Berglund 6 (Thomas Vanek 5, Jordan Staal 3) at 19:41

Penalties :
Connor Brown (STL) for Tripping (Minor) at 9:23, Jake Muzzin (NSH) for Hooking (Minor) at 13:48

2nd period

4. NASHVILLE Predators , Jaccob Slavin 5 (Andrew MacDonald 8, Aleksander Barkov 19) at 5:04

Penalties :
Chris Kreider (NSH) for Holding (Minor) at 11:07, Ben Lovejoy (STL) for Holding (Minor) at 15:00, P.K. Subban (STL) for Boarding (Minor) at 19:13

3rd period

5. ST. LOUIS Blues , Mikael Granlund 7 (Erik Haula 7) at 0:46 (SH)
6. ST. LOUIS Blues , Claude Giroux 8 (Andrei Markov 2, Mikael Granlund 18) at 5:11
7. NASHVILLE Predators , Thomas Vanek 2 (Patrik Berglund 4, Jordan Staal 4) at 12:15
8. ST. LOUIS Blues , Anders Lee 8 (Claude Giroux 14) at 19:55

Penalties :
No Penalty

Overtime #1

9. NASHVILLE Predators , Aleksander Barkov 13 (Jake Muzzin 15, Viktor Arvidsson 16) at 4:53

Penalties :
No Penalty

Goalie Stats

Juuse Saros (NSH), 35 saves from 39 shots - (0,897), W, 4-1-0, 64:54 minutes
Curtis McElhinney (STL), 30 saves from 35 shots - (0,857), OTL, 2-0-1, 64:34 minutes

Players Stats for NASHVILLE Predators

Player Name              G  A  P  +/- PIM S  H  SB GA TA FO     MP     PP MP  PK MP  
------------------------------------------------------------------------------------
Aleksander Barkov        1  2  3   0  0   5  0  0  0  0  18/35  24:46   2:00   0:00 
Alex DeBrincat           0  0  0  -2  0   4  0  0  0  0  1/2    18:42   2:02   0:06 
Andrew MacDonald         0  1  1  -1  0   2  3  3  0  0  0/0    24:53   0:00   1:45 
Anthony Duclair          0  0  0   0  0   0  0  0  0  0  0/0     5:12   0:00   0:00 
Chris Kreider            0  0  0   1  2   0  4  0  0  0  1/5    19:49   0:00   0:06 
Dan Hamhuis              0  0  0   2  0   0  2  4  0  0  0/0    24:28   0:00   1:55 
Esa Lindell              0  0  0   2  0   0  1  1  0  0  0/0    21:17   2:14   2:26 
Jaccob Slavin            1  0  1  -2  0   3  0  1  0  0  0/0    26:30   1:46   1:16 
Jake Muzzin              0  1  1   0  2   2  0  1  0  0  0/0    18:22   2:14   0:00 
Jamie Oleksiak           0  0  0  -1  0   1  1  2  0  0  0/0    14:17   1:46   0:34 
Jordan Staal             0  2  2   2  0   0  0  0  0  0  10/16  12:50   0:00   2:20 
Mika Zibanejad           0  0  0  -2  0   1  1  0  0  0  18/31  21:34   2:00   1:32 
Patrik Berglund          1  1  2   2  0   2  1  0  0  0  0/1    13:16   0:00   2:20 
Reilly Smith             0  0  0  -3  0   4  1  0  0  0  1/2    21:36   2:00   1:32 
Scott Wilson             0  0  0   0  0   1  0  0  0  0  0/0     5:12   0:00   0:00 
Sean Kuraly              0  0  0   0  0   0  1  0  0  0  3/5     5:12   0:00   0:00 
Thomas Vanek             1  1  2   1  0   3  0  0  0  0  1/1    13:01   1:58   0:00 
Viktor Arvidsson         1  1  2   0  0   7  1  0  0  0  1/3    24:39   2:00   0:00 

Players Stats for ST. LOUIS Blues

Player Name              G  A  P  +/- PIM S  H  SB GA TA FO     MP     PP MP  PK MP  
------------------------------------------------------------------------------------
Anders Lee               1  0  1  -1  0   4  1  0  0  0  1/3    15:26   2:30   0:00 
Andrei Markov            0  1  1  -1  0   3  0  1  0  0  0/0    27:53   2:30   1:18 
Ben Lovejoy              0  0  0   0  2   2  1  3  0  0  0/0    22:50   0:00   1:19 
Brandon Tanev            0  0  0   0  0   1  1  0  0  0  1/2    14:03   0:00   0:00 
Claude Giroux            2  1  3   2  0   5  0  0  0  0  6/26   22:39   1:28   0:00 
Colin Miller             0  0  0   1  0   0  0  2  0  0  0/0    24:53   1:28   1:58 
Connor Brown             0  0  0   0  2   3  0  0  0  0  3/5    14:55   0:00   0:00 
Erik Haula               0  1  1   1  0   3  1  2  0  0  14/26  17:47   0:00   3:44 
John Moore               0  1  1   1  0   0  2  0  0  0  0/0    12:49   0:00   0:00 
Jonathan Marchessault    0  0  0   0  0   1  2  0  0  0  3/3    20:22   1:28   0:16 
Kevin Labanc             0  0  0   0  0   1  0  0  0  0  0/0     7:22   0:00   0:00 
Marcus Johansson         0  0  0  -2  0   4  0  0  0  0  0/1    15:53   2:30   0:00 
Mikael Granlund          1  1  2   3  0   5  0  1  0  0  2/4    26:21   1:28   3:42 
Oscar Klefbom            0  0  0   0  0   2  0  3  0  0  0/0    13:57   1:28   2:54 
P.K. Subban              0  0  0  -1  2   1  1  2  0  0  0/0    26:41   2:30   0:31 
Paul Stastny             0  0  0  -3  0   2  0  0  0  0  12/20  15:57   2:30   0:00 
Sven Andrighetto         0  0  0   0  0   2  1  0  0  0  0/0     7:22   0:00   0:00 
Victor Rask              0  0  0   0  0   0  1  0  0  0  5/11    8:23   0:00   0:18 

3 Stars

1 - Claude Giroux (STL)
2 - Patrik Berglund (NSH)
3 - Mikael Granlund (STL)

Power Play

NASHVILLE Predators - 1 on 3 Attempt(s) - 33,33%
ST. LOUIS Blues - 0 on 2 Attempt(s) - 0,00%

Penalty Kill

NASHVILLE Predators - 2 on 2 Attempt(s) - 100,00% - Score 0 goal in Penalty Kill
ST. LOUIS Blues - 2 on 3 Attempt(s) - 66,67% - Score 1 goal in Penalty Kill

Team Stat

NASHVILLE Predators - Hits : 16 - Faceoff Wins : 54 - Blocked Shots : 12 - Penalty Minutes : 4
ST. LOUIS Blues - Hits : 11 - Faceoff Wins : 47 - Blocked Shots : 14 - Penalty Minutes : 6

Official

Referees : Unknown
Linesman : Unknown

Game Notes

Oscar Klefbom is injured at 0:37 of 3rd period (Bruised Left Shoulder)

Finance

Level 1 -- Attendance: 6291 (89,87%) -- Ticket Income 597 645 $
Level 2 -- Attendance: 5000 (100,00%) -- Ticket Income 275 000 $
Level 3 -- Attendance: 1876 (93,80%) -- Ticket Income 65 660 $
Level 4 -- Attendance: 3861 (96,53%) -- Ticket Income 77 220 $
Luxury Box -- Attendance: 925 (61,67%) -- Ticket Income 157 250 $
Game was played at the Scottrade Center.
Total Attendance: 17953 (92,07%)
Total Ticket Income: 1 172 775 $
Other Income: 457 382 $
Total Income: 1 630 157 $

NASHVILLE Predators

5 vs 5 Forward 
   Center                   Left Wing                Right Wing               Time % Phy DF OF 
 1 Aleksander Barkov        Chris Kreider            Viktor Arvidsson         40     1   2  2  
 2 Mika Zibanejad           Reilly Smith             Alex DeBrincat           30     0   2  3  
 3 Jordan Staal             Thomas Vanek             Patrik Berglund          20     1   3  1  
 4 Sean Kuraly              Scott Wilson             Anthony Duclair          10     1   3  1  

5 vs 5 Defense 
   Defense                  Defense                                           Time % Phy DF OF 
 1 Jaccob Slavin            Andrew MacDonald                                  40     1   1  3  
 2 Dan Hamhuis              Esa Lindell                                       30     1   3  1  
 3 Jake Muzzin              Jamie Oleksiak                                    20     1   2  2  
 4 Dan Hamhuis              Jake Muzzin                                       10     1   2  2  

PowerPlay Forward 
   Center                   Left Wing                Right Wing               Time % Phy DF OF 
 1 Aleksander Barkov        Viktor Arvidsson         Thomas Vanek             60     0   1  4  
 2 Mika Zibanejad           Reilly Smith             Alex DeBrincat           40     0   1  4  

PowerPlay Defense
   Defense                  Defense                                           Time % Phy DF OF 
 1 Jake Muzzin              Esa Lindell                                       60     1   1  3  
 2 Jamie Oleksiak           Jaccob Slavin                                     40     1   1  3  

Penalty Kill 4 Players Forward 
   Center                   Wing                     Time % Phy DF OF 
 1 Jordan Staal             Patrik Berglund          60     1   2  2  
 2 Mika Zibanejad           Reilly Smith             40     1   2  2  

Penalty Kill 4 Players Defense
   Defense                  Defense                  Time % Phy DF OF 
 1 Dan Hamhuis              Jaccob Slavin            60     1   2  2  
 2 Andrew MacDonald         Esa Lindell              40     1   2  2  

Penalty Kill - 3 Players Forward 
   Forward                                           Time % Phy DF OF 
 1 Aleksander Barkov                                 60     1   2  2  
 2 Jordan Staal                                      40     1   2  2  

Penalty Kill - 3 Players Defense
   Defense                  Defense                  Time % Phy DF OF 
 1 Jaccob Slavin            Andrew MacDonald         60     1   2  2  
 2 Dan Hamhuis              Jake Muzzin              40     1   2  2  

4 vs 4 Forward 
   Center                   Wing                     Time % Phy DF OF 
 1 Aleksander Barkov        Viktor Arvidsson         60     1   2  2  
 2 Mika Zibanejad           Reilly Smith             40     1   2  2  

4 vs 4 Defense
   Defense                  Defense                  Time % Phy DF OF 
 1 Andrew MacDonald         Jaccob Slavin            60     1   2  2  
 2 Dan Hamhuis              Jaccob Slavin            40     1   2  2  

Last Minutes Offensive
   Center                   Left Wing                Right Wing               Defense                  Defense                  
   Aleksander Barkov        Viktor Arvidsson         Reilly Smith             Jaccob Slavin            Jake Muzzin              

Last Minutes Defensive
   Center                   Left Wing                Right Wing               Defense                  Defense                  
   Aleksander Barkov        Viktor Arvidsson         Reilly Smith             Jaccob Slavin            Jake Muzzin              

Goaltenders
Starting : Juuse Saros              
Backup : Semyon Varlamov          

Extra Forwards
Normal : Thomas Vanek, Patrik Berglund, Alex DeBrincat - PP : Jordan Staal, Patrik Berglund - PK : Alex DeBrincat
Extra Defensemen
Normal : Andrew MacDonald, Jake Muzzin, Dan Hamhuis - PP : Andrew MacDonald - PK : Andrew MacDonald, Dan Hamhuis
Penalty Shots
Viktor Arvidsson, Alex DeBrincat, Chris Kreider, Mika Zibanejad, Aleksander Barkov

ST. LOUIS Blues

5 vs 5 Forward 
   Center                   Left Wing                Right Wing               Time % Phy DF OF 
 1 Claude Giroux            Mikael Granlund          Jonathan Marchessault    37     1   1  3  
 2 Paul Stastny             Marcus Johansson         Anders Lee               25     1   1  3  
 3 Erik Haula               Brandon Tanev            Connor Brown             23     1   2  2  
 4 Victor Rask              Sven Andrighetto         Kevin Labanc             15     1   3  1  

5 vs 5 Defense 
   Defense                  Defense                                           Time % Phy DF OF 
 1 P.K. Subban              Andrei Markov                                     40     1   2  2  
 2 Oscar Klefbom            Ben Lovejoy                                       30     1   2  2  
 3 Colin Miller             John Moore                                        25     1   2  2  
 4 P.K. Subban              Oscar Klefbom                                     5      1   2  2  

PowerPlay Forward 
   Center                   Left Wing                Right Wing               Time % Phy DF OF 
 1 Claude Giroux            Mikael Granlund          Jonathan Marchessault    60     1   0  4  
 2 Paul Stastny             Marcus Johansson         Anders Lee               40     1   0  4  

PowerPlay Defense
   Defense                  Defense                                           Time % Phy DF OF 
 1 Andrei Markov            P.K. Subban                                       60     0   2  3  
 2 Colin Miller             Oscar Klefbom                                     40     0   2  3  

Penalty Kill 4 Players Forward 
   Center                   Wing                     Time % Phy DF OF 
 1 Erik Haula               Mikael Granlund          60     1   3  1  
 2 Victor Rask              Jonathan Marchessault    40     1   3  1  

Penalty Kill 4 Players Defense
   Defense                  Defense                  Time % Phy DF OF 
 1 Colin Miller             P.K. Subban              60     1   4  0  
 2 Ben Lovejoy              Oscar Klefbom            40     1   4  0  

Penalty Kill - 3 Players Forward 
   Forward                                           Time % Phy DF OF 
 1 Claude Giroux                                     60     1   3  1  
 2 Mikael Granlund                                   40     1   3  1  

Penalty Kill - 3 Players Defense
   Defense                  Defense                  Time % Phy DF OF 
 1 Colin Miller             Andrei Markov            60     1   4  0  
 2 Oscar Klefbom            Ben Lovejoy              40     1   4  0  

4 vs 4 Forward 
   Center                   Wing                     Time % Phy DF OF 
 1 Claude Giroux            Mikael Granlund          60     0   2  3  
 2 Paul Stastny             Jonathan Marchessault    40     0   2  3  

4 vs 4 Defense
   Defense                  Defense                  Time % Phy DF OF 
 1 P.K. Subban              Colin Miller             60     1   2  2  
 2 Oscar Klefbom            Ben Lovejoy              40     1   2  2  

Last Minutes Offensive
   Center                   Left Wing                Right Wing               Defense                  Defense                  
   Claude Giroux            Mikael Granlund          Anders Lee               P.K. Subban              Oscar Klefbom            

Last Minutes Defensive
   Center                   Left Wing                Right Wing               Defense                  Defense                  
   Erik Haula               Mikael Granlund          Connor Brown             P.K. Subban              Oscar Klefbom            

Goaltenders
Starting : Curtis McElhinney        
Backup : Cam Ward                 

Extra Forwards
Normal : Connor Brown, Marcus Johansson, Victor Rask - PP : Connor Brown, Marcus Johansson - PK : Victor Rask
Extra Defensemen
Normal : Oscar Klefbom, Ben Lovejoy, Colin Miller - PP : Oscar Klefbom - PK : Oscar Klefbom, Colin Miller
Penalty Shots
Jonathan Marchessault, Anders Lee, Erik Haula, Claude Giroux, P.K. Subban


% Time on Ice - NASHVILLE Predators

Lines # - Real PCT - Wanted PCT - Time Play
Normal Forward
1 - 38% - 40% - 19:44
2 - 32% - 30% - 16:34
3 - 20% - 20% - 10:30
4 - 10% - 10% - 5:12
Normal Defense
1 - 39% - 40% - 20:26
2 - 32% - 30% - 16:37
3 - 22% - 20% - 11:31
4 - 7% - 10% - 3:26
PP Forward
1 - 50% - 60% - 2:00
2 - 50% - 40% - 2:00
PP Defense
1 - 56% - 60% - 2:14
2 - 44% - 40% - 1:46
PK Forward
1 - 61% - 60% - 2:26
2 - 39% - 40% - 1:32
PK Defense
1 - 39% - 60% - 1:32
2 - 61% - 40% - 2:26
PK3 Forward
1 - 0% - 60%
2 - 0% - 40%
PK3 Defense
1 - 0% - 60%
2 - 0% - 40%
44 Forward
1 - 70% - 60% - 3:26
2 - 30% - 40% - 1:28
44 Defense
1 - 41% - 60% - 2:02
2 - 59% - 40% - 2:52
Last Minute Offensive  - 0:00
Last Minute Defensive  - 0:02
Total
Forward - 64:54
Defense - 64:54

% Time on Ice - ST. LOUIS Blues

Lines # - Real PCT - Wanted PCT - Time Play
Normal Forward
1 - 34% - 37% - 17:41
2 - 24% - 25% - 12:30
3 - 27% - 23% - 14:03
4 - 14% - 15% - 7:22
Normal Defense
1 - 32% - 40% - 16:43
2 - 34% - 30% - 17:38
3 - 23% - 25% - 12:06
4 - 10% - 5% - 5:09
PP Forward
1 - 37% - 60% - 1:28
2 - 63% - 40% - 2:30
PP Defense
1 - 63% - 60% - 2:30
2 - 37% - 40% - 1:28
PK Forward
1 - 93% - 60% - 3:44
2 - 7% - 40% - 0:16
PK Defense
1 - 30% - 60% - 1:13
2 - 70% - 40% - 2:47
PK3 Forward
1 - 0% - 60%
2 - 0% - 40%
PK3 Defense
1 - 0% - 60%
2 - 0% - 40%
44 Forward
1 - 81% - 60% - 3:57
2 - 19% - 40% - 0:57
44 Defense
1 - 43% - 60% - 2:06
2 - 57% - 40% - 2:48
Last Minute Offensive  - 0:26
Last Minute Defensive  - 0:00
Total
Forward - 64:54
Defense - 64:54

Play by Play

1st period


0:01 of 1st period - Aleksander Barkov wins face-off versus Claude Giroux in neutral zone.
0:06 of 1st period - Claude Giroux is hit by Chris Kreider and loses puck.
0:37 of 1st period - Shot by Claude Giroux.
0:37 of 1st period - Shot Misses the Net.
0:39 of 1st period - Shot by Claude Giroux.
0:39 of 1st period - Shot Misses the Net.
0:41 of 1st period - Shot by Andrei Markov.
0:41 of 1st period - Stopped by Juuse Saros without a rebound.
0:42 of 1st period - Paul Stastny wins face-off versus Mika Zibanejad in NASHVILLE Predators zone.
0:45 of 1st period - Shot by Anders Lee.
0:45 of 1st period - Stopped by Juuse Saros without a rebound.
0:46 of 1st period - Erik Haula wins face-off versus Mika Zibanejad in NASHVILLE Predators zone.
1:05 of 1st period - Icing by Esa Lindell.
1:06 of 1st period - Paul Stastny wins face-off versus Mika Zibanejad in NASHVILLE Predators zone.
1:09 of 1st period - Shot by Marcus Johansson.
1:09 of 1st period - Stopped by Juuse Saros without a rebound.
1:10 of 1st period - Victor Rask wins face-off versus Jordan Staal in NASHVILLE Predators zone.
2:20 of 1st period - Shot by Paul Stastny.
2:20 of 1st period - Stopped by Juuse Saros without a rebound.
2:21 of 1st period - Erik Haula wins face-off versus Aleksander Barkov in NASHVILLE Predators zone.
2:21 of 1st period - Erik Haula is hit by Andrew MacDonald.
2:30 of 1st period - Icing by Jaccob Slavin.
2:31 of 1st period - Aleksander Barkov wins face-off versus Claude Giroux in NASHVILLE Predators zone.
2:49 of 1st period - Shot by Viktor Arvidsson.
2:49 of 1st period - Stopped by Curtis McElhinney without a rebound.
2:50 of 1st period - Paul Stastny wins face-off versus Mika Zibanejad in ST. LOUIS Blues zone.
3:24 of 1st period - Shot by Alex DeBrincat.
3:24 of 1st period - Shot Misses the Net.
5:26 of 1st period - Shot by Mikael Granlund.
5:26 of 1st period - Stopped by Juuse Saros without a rebound.
5:27 of 1st period - Jordan Staal wins face-off versus Paul Stastny in NASHVILLE Predators zone.
6:24 of 1st period - Shot by Claude Giroux.
6:24 of 1st period - Shot Misses the Net.
6:26 of 1st period - Shot by Claude Giroux.
6:26 of 1st period - Shot Blocked by Dan Hamhuis.
7:42 of 1st period - Shot by Aleksander Barkov.
7:42 of 1st period - Stopped by Curtis McElhinney with a rebound.
7:50 of 1st period - Icing by Jaccob Slavin.
7:51 of 1st period - Erik Haula wins face-off versus Aleksander Barkov in NASHVILLE Predators zone.
7:52 of 1st period - Shot by Connor Brown.
7:52 of 1st period - Shot Blocked by Andrew MacDonald.
8:01 of 1st period - Icing by Aleksander Barkov.
8:02 of 1st period - Paul Stastny wins face-off versus Chris Kreider in NASHVILLE Predators zone.
8:07 of 1st period - Shot by Marcus Johansson.
8:07 of 1st period - Shot Misses the Net.
8:13 of 1st period - Shot by Aleksander Barkov.
8:13 of 1st period - Stopped by Curtis McElhinney without a rebound.
8:14 of 1st period - Mika Zibanejad wins face-off versus Claude Giroux in ST. LOUIS Blues zone.
9:23 of 1st period - Minor Penalty to Connor Brown for Tripping.
9:24 of 1st period - Aleksander Barkov wins face-off versus Erik Haula in ST. LOUIS Blues zone.
9:25 of 1st period - Shot by Viktor Arvidsson.
9:25 of 1st period - Goal by Viktor Arvidsson - NASHVILLE Predators : 1 - ST. LOUIS Blues : 0.
9:26 of 1st period - Sean Kuraly wins face-off versus Erik Haula in neutral zone.
9:43 of 1st period - Shot by Erik Haula.
9:43 of 1st period - Shot Blocked by Andrew MacDonald.
9:45 of 1st period - Shot by Brandon Tanev.
9:45 of 1st period - Stopped by Juuse Saros without a rebound.
9:46 of 1st period - Paul Stastny wins face-off versus Chris Kreider in NASHVILLE Predators zone.
10:25 of 1st period - Shot by Chris Kreider.
10:25 of 1st period - Shot Misses the Net.
10:35 of 1st period - Marcus Johansson is hit by Chris Kreider and loses puck.
11:07 of 1st period - Erik Haula is hit by Andrew MacDonald and loses puck.
11:11 of 1st period - Icing by Jaccob Slavin.
11:12 of 1st period - Alex DeBrincat wins face-off versus Claude Giroux in NASHVILLE Predators zone.
11:12 of 1st period - Jaccob Slavin is hit by Jonathan Marchessault and loses puck.
11:27 of 1st period - Shot by Claude Giroux.
11:27 of 1st period - Goal by Claude Giroux - NASHVILLE Predators : 1 - ST. LOUIS Blues : 1.
11:28 of 1st period - Victor Rask wins face-off versus Sean Kuraly in neutral zone.
12:28 of 1st period - Icing by John Moore.
12:29 of 1st period - Jonathan Marchessault wins face-off versus Mika Zibanejad in ST. LOUIS Blues zone.
12:31 of 1st period - Icing by Mikael Granlund.
12:32 of 1st period - Mika Zibanejad wins face-off versus Claude Giroux in ST. LOUIS Blues zone.
12:48 of 1st period - Shot by Andrew MacDonald.
12:48 of 1st period - Shot Misses the Net.
13:48 of 1st period - Minor Penalty to Jake Muzzin for Hooking.
13:49 of 1st period - Paul Stastny wins face-off versus Jordan Staal in NASHVILLE Predators zone.
15:35 of 1st period - Shot by Andrei Markov.
15:35 of 1st period - Stopped by Juuse Saros with a rebound.
15:55 of 1st period - Shot by Ben Lovejoy.
15:55 of 1st period - Shot Misses the Net.
15:57 of 1st period - Shot by Oscar Klefbom.
15:57 of 1st period - Shot Misses the Net.
15:59 of 1st period - Shot by Brandon Tanev.
15:59 of 1st period - Shot Misses the Net.
16:01 of 1st period - Shot by Oscar Klefbom.
16:01 of 1st period - Stopped by Juuse Saros without a rebound.
16:02 of 1st period - Aleksander Barkov wins face-off versus Victor Rask in NASHVILLE Predators zone.
16:07 of 1st period - Ben Lovejoy is hit by Viktor Arvidsson and loses puck.
16:47 of 1st period - Icing by Ben Lovejoy.
16:48 of 1st period - Reilly Smith wins face-off versus Victor Rask in ST. LOUIS Blues zone.
16:49 of 1st period - Shot by Alex DeBrincat.
16:49 of 1st period - Stopped by Curtis McElhinney without a rebound.
16:50 of 1st period - Mika Zibanejad wins face-off versus Claude Giroux in ST. LOUIS Blues zone.
16:53 of 1st period - Shot by Reilly Smith.
16:53 of 1st period - Stopped by Curtis McElhinney with a rebound.
16:55 of 1st period - Shot by Alex DeBrincat.
16:55 of 1st period - Stopped by Curtis McElhinney without a rebound.
16:56 of 1st period - Mika Zibanejad wins face-off versus Claude Giroux in ST. LOUIS Blues zone.
16:56 of 1st period - Jaccob Slavin is hit by P.K. Subban and loses puck.
17:18 of 1st period - Icing by Andrew MacDonald.
17:19 of 1st period - Mika Zibanejad wins face-off versus Anders Lee in NASHVILLE Predators zone.
17:32 of 1st period - Shot by Mika Zibanejad.
17:32 of 1st period - Stopped by Curtis McElhinney without a rebound.
17:33 of 1st period - Jonathan Marchessault wins face-off versus Chris Kreider in ST. LOUIS Blues zone.
17:37 of 1st period - Icing by Mikael Granlund.
17:38 of 1st period - Aleksander Barkov wins face-off versus Claude Giroux in ST. LOUIS Blues zone.
18:31 of 1st period - Icing by Dan Hamhuis.
18:32 of 1st period - Paul Stastny wins face-off versus Viktor Arvidsson in NASHVILLE Predators zone.
18:43 of 1st period - Shot by Anders Lee.
18:43 of 1st period - Deflect By Marcus Johansson.
18:43 of 1st period - Stopped by Juuse Saros without a rebound.
18:44 of 1st period - Mika Zibanejad wins face-off versus Erik Haula in NASHVILLE Predators zone.
18:50 of 1st period - Icing by John Moore.
18:51 of 1st period - Erik Haula wins face-off versus Mika Zibanejad in ST. LOUIS Blues zone.
19:16 of 1st period - Shot by Connor Brown.
19:16 of 1st period - Shot Misses the Net.
19:18 of 1st period - Shot by Erik Haula.
19:18 of 1st period - Deflect By Connor Brown.
19:18 of 1st period - Shot Blocked by Andrew MacDonald.
19:27 of 1st period - Off-side.
19:28 of 1st period - Jordan Staal wins face-off versus Anders Lee in neutral zone.
19:41 of 1st period - Shot by Thomas Vanek.
19:41 of 1st period - Deflect By Patrik Berglund.
19:41 of 1st period - Goal by Patrik Berglund - NASHVILLE Predators : 2 - ST. LOUIS Blues : 1.
19:42 of 1st period - Aleksander Barkov wins face-off versus Claude Giroux in neutral zone.
Goals for this period are 2 for NASHVILLE Predators vs 1 for ST. LOUIS Blues.
Shots for this period are 9 for NASHVILLE Predators vs 10 for ST. LOUIS Blues.

2nd period


0:01 of 2nd period - Viktor Arvidsson wins face-off versus Paul Stastny in neutral zone.
0:45 of 2nd period - Icing by P.K. Subban.
0:46 of 2nd period - Paul Stastny wins face-off versus Mika Zibanejad in ST. LOUIS Blues zone.
0:52 of 2nd period - Off-side.
0:53 of 2nd period - Mika Zibanejad wins face-off versus Claude Giroux in neutral zone.
1:24 of 2nd period - Shot by Claude Giroux.
1:24 of 2nd period - Stopped by Juuse Saros without a rebound.
1:25 of 2nd period - Connor Brown wins face-off versus Aleksander Barkov in NASHVILLE Predators zone.
1:41 of 2nd period - Icing by Colin Miller.
1:42 of 2nd period - Jordan Staal wins face-off versus Erik Haula in ST. LOUIS Blues zone.
1:43 of 2nd period - Shot by Patrik Berglund.
1:43 of 2nd period - Shot Misses the Net.
1:59 of 2nd period - Shot by Connor Brown.
1:59 of 2nd period - Stopped by Juuse Saros without a rebound.
2:00 of 2nd period - Chris Kreider wins face-off versus Claude Giroux in NASHVILLE Predators zone.
2:27 of 2nd period - Shot by Mikael Granlund.
2:27 of 2nd period - Shot Misses the Net.
2:50 of 2nd period - Icing by Andrei Markov.
2:51 of 2nd period - Claude Giroux wins face-off versus Mika Zibanejad in ST. LOUIS Blues zone.
3:59 of 2nd period - Shot by Jordan Staal.
3:59 of 2nd period - Shot Blocked by P.K. Subban.
4:12 of 2nd period - Jonathan Marchessault is hit by Patrik Berglund and loses puck.
4:21 of 2nd period - Shot by Patrik Berglund.
4:21 of 2nd period - Stopped by Curtis McElhinney with a rebound.
5:04 of 2nd period - Shot by Jaccob Slavin.
5:04 of 2nd period - Goal by Jaccob Slavin - NASHVILLE Predators : 3 - ST. LOUIS Blues : 1.
5:05 of 2nd period - Mika Zibanejad wins face-off versus Marcus Johansson in neutral zone.
5:05 of 2nd period - Mika Zibanejad is hit by Anders Lee.
5:18 of 2nd period - Anders Lee is hit by Dan Hamhuis and loses puck.
5:35 of 2nd period - Oscar Klefbom is hit by Reilly Smith.
5:47 of 2nd period - Shot by Marcus Johansson.
5:47 of 2nd period - Shot Blocked by Dan Hamhuis.
5:56 of 2nd period - Icing by Reilly Smith.
5:57 of 2nd period - Mika Zibanejad wins face-off versus Erik Haula in NASHVILLE Predators zone.
6:33 of 2nd period - Viktor Arvidsson is hit by John Moore and loses puck.
6:51 of 2nd period - Aleksander Barkov is hit by John Moore and loses puck.
7:12 of 2nd period - Shot by Victor Rask.
7:12 of 2nd period - Deflect By Kevin Labanc.
7:12 of 2nd period - Stopped by Juuse Saros without a rebound.
7:13 of 2nd period - Sean Kuraly wins face-off versus Paul Stastny in NASHVILLE Predators zone.
7:39 of 2nd period - Shot by Scott Wilson.
7:39 of 2nd period - Stopped by Curtis McElhinney without a rebound.
7:40 of 2nd period - Jordan Staal wins face-off versus Victor Rask in ST. LOUIS Blues zone.
7:45 of 2nd period - Shot by Thomas Vanek.
7:45 of 2nd period - Stopped by Curtis McElhinney without a rebound.
7:46 of 2nd period - Victor Rask wins face-off versus Aleksander Barkov in ST. LOUIS Blues zone.
7:48 of 2nd period - Sven Andrighetto is hit by Chris Kreider and loses puck.
7:59 of 2nd period - Shot by Viktor Arvidsson.
7:59 of 2nd period - Stopped by Curtis McElhinney with a rebound.
8:01 of 2nd period - Shot by Andrew MacDonald.
8:01 of 2nd period - Stopped by Curtis McElhinney with a rebound.
8:03 of 2nd period - Shot by Jaccob Slavin.
8:03 of 2nd period - Stopped by Curtis McElhinney with a rebound.
9:07 of 2nd period - Shot by Thomas Vanek.
9:07 of 2nd period - Stopped by Curtis McElhinney without a rebound.
9:08 of 2nd period - Paul Stastny wins face-off versus Reilly Smith in ST. LOUIS Blues zone.
10:04 of 2nd period - Shot by Erik Haula.
10:04 of 2nd period - Stopped by Juuse Saros without a rebound.
10:05 of 2nd period - Brandon Tanev wins face-off versus Aleksander Barkov in NASHVILLE Predators zone.
11:07 of 2nd period - Minor Penalty to Chris Kreider for Holding.
11:08 of 2nd period - Jordan Staal wins face-off versus Paul Stastny in NASHVILLE Predators zone.
11:26 of 2nd period - Marcus Johansson is hit by Dan Hamhuis.
11:36 of 2nd period - Shot by Andrei Markov.
11:36 of 2nd period - Shot Misses the Net.
11:38 of 2nd period - Shot by Marcus Johansson.
11:38 of 2nd period - Shot Misses the Net.
11:40 of 2nd period - Shot by P.K. Subban.
11:40 of 2nd period - Shot Misses the Net.
11:42 of 2nd period - Shot by Paul Stastny.
11:42 of 2nd period - Stopped by Juuse Saros without a rebound.
11:43 of 2nd period - Jonathan Marchessault wins face-off versus Jordan Staal in NASHVILLE Predators zone.
11:58 of 2nd period - Shot by Claude Giroux.
11:58 of 2nd period - Shot Misses the Net.
12:24 of 2nd period - Shot by Mikael Granlund.
12:24 of 2nd period - Shot Misses the Net.
12:52 of 2nd period - Shot by Andrei Markov.
12:52 of 2nd period - Stopped by Juuse Saros without a rebound.
12:53 of 2nd period - Paul Stastny wins face-off versus Jordan Staal in NASHVILLE Predators zone.
13:10 of 2nd period - Shot by Paul Stastny.
13:10 of 2nd period - Shot Misses the Net.
13:12 of 2nd period - Shot by Oscar Klefbom.
13:12 of 2nd period - Stopped by Juuse Saros with a rebound.
13:14 of 2nd period - Shot by Erik Haula.
13:14 of 2nd period - Stopped by Juuse Saros without a rebound.
13:15 of 2nd period - Erik Haula wins face-off versus Aleksander Barkov in NASHVILLE Predators zone.
13:32 of 2nd period - Shot by Connor Brown.
13:32 of 2nd period - Stopped by Juuse Saros without a rebound.
13:33 of 2nd period - Jordan Staal wins face-off versus Claude Giroux in NASHVILLE Predators zone.
13:44 of 2nd period - Shot by Claude Giroux.
13:44 of 2nd period - Deflect By Jonathan Marchessault.
13:44 of 2nd period - Shot Misses the Net.
14:40 of 2nd period - Shot by Reilly Smith.
14:40 of 2nd period - Stopped by Curtis McElhinney without a rebound.
14:41 of 2nd period - Aleksander Barkov wins face-off versus Brandon Tanev in ST. LOUIS Blues zone.
15:00 of 2nd period - Minor Penalty to Ben Lovejoy for Holding.
15:01 of 2nd period - Mika Zibanejad wins face-off versus Erik Haula in ST. LOUIS Blues zone.
15:14 of 2nd period - Shot by Jaccob Slavin.
15:14 of 2nd period - Stopped by Curtis McElhinney without a rebound.
15:15 of 2nd period - Erik Haula wins face-off versus Aleksander Barkov in ST. LOUIS Blues zone.
15:30 of 2nd period - Shot by Aleksander Barkov.
15:30 of 2nd period - Stopped by Curtis McElhinney without a rebound.
15:31 of 2nd period - Erik Haula wins face-off versus Mika Zibanejad in ST. LOUIS Blues zone.
15:31 of 2nd period - Erik Haula is hit by Mika Zibanejad.
15:51 of 2nd period - Shot by Jamie Oleksiak.
15:51 of 2nd period - Shot Misses the Net.
15:53 of 2nd period - Shot by Jamie Oleksiak.
15:53 of 2nd period - Stopped by Curtis McElhinney without a rebound.
15:54 of 2nd period - Aleksander Barkov wins face-off versus Erik Haula in ST. LOUIS Blues zone.
16:21 of 2nd period - Shot by Viktor Arvidsson.
16:21 of 2nd period - Shot Misses the Net.
16:23 of 2nd period - Shot by Esa Lindell.
16:23 of 2nd period - Shot Blocked by Oscar Klefbom.
16:25 of 2nd period - Shot by Jake Muzzin.
16:25 of 2nd period - Shot Blocked by Erik Haula.
16:27 of 2nd period - Shot by Viktor Arvidsson.
16:27 of 2nd period - Shot Blocked by Andrei Markov.
16:59 of 2nd period - Shot by Mika Zibanejad.
16:59 of 2nd period - Deflect By Alex DeBrincat.
16:59 of 2nd period - Stopped by Curtis McElhinney without a rebound.
17:00 of 2nd period - Paul Stastny wins face-off versus Sean Kuraly in ST. LOUIS Blues zone.
17:21 of 2nd period - Shot by Anders Lee.
17:21 of 2nd period - Stopped by Juuse Saros without a rebound.
17:22 of 2nd period - Mika Zibanejad wins face-off versus Victor Rask in NASHVILLE Predators zone.
17:32 of 2nd period - Andrei Markov is hit by Esa Lindell and loses puck.
17:36 of 2nd period - Icing by Esa Lindell.
17:37 of 2nd period - Anders Lee wins face-off versus Mika Zibanejad in NASHVILLE Predators zone.
19:13 of 2nd period - Minor Penalty to P.K. Subban for Boarding.
19:14 of 2nd period - Aleksander Barkov wins face-off versus Erik Haula in ST. LOUIS Blues zone.
19:15 of 2nd period - Shot by Jake Muzzin.
19:15 of 2nd period - Shot Misses the Net.
19:17 of 2nd period - Shot by Aleksander Barkov.
19:17 of 2nd period - Stopped by Curtis McElhinney without a rebound.
19:18 of 2nd period - Aleksander Barkov wins face-off versus Erik Haula in ST. LOUIS Blues zone.
19:19 of 2nd period - Shot by Jake Muzzin.
19:19 of 2nd period - Stopped by Curtis McElhinney without a rebound.
19:20 of 2nd period - Erik Haula wins face-off versus Mika Zibanejad in ST. LOUIS Blues zone.
19:28 of 2nd period - Reilly Smith is hit by Erik Haula.
19:56 of 2nd period - Shot by Reilly Smith.
19:56 of 2nd period - Deflect By Mika Zibanejad.
19:56 of 2nd period - Shot Blocked by Erik Haula.
Goals for this period are 1 for NASHVILLE Predators vs 0 for ST. LOUIS Blues.
Shots for this period are 15 for NASHVILLE Predators vs 10 for ST. LOUIS Blues.

3rd period


0:01 of 3rd period - Aleksander Barkov wins face-off versus Erik Haula in neutral zone.
0:06 of 3rd period - Shot by Esa Lindell.
0:06 of 3rd period - Shot Blocked by Mikael Granlund.
0:08 of 3rd period - Shot by Aleksander Barkov.
0:08 of 3rd period - Shot Misses the Net.
0:10 of 3rd period - Shot by Jake Muzzin.
0:10 of 3rd period - Shot Blocked by Oscar Klefbom.
0:12 of 3rd period - Shot by Jake Muzzin.
0:12 of 3rd period - Stopped by Curtis McElhinney without a rebound.
0:13 of 3rd period - Mika Zibanejad wins face-off versus Mikael Granlund in ST. LOUIS Blues zone.
0:37 of 3rd period - Shot by Jake Muzzin.
0:37 of 3rd period - Shot Blocked by Oscar Klefbom.
0:37 of 3rd period - Oscar Klefbom from ST. LOUIS Blues is injured at 0:37 of 3rd period (Bruised Left Shoulder).
0:38 of 3rd period - Erik Haula wins face-off versus Aleksander Barkov in ST. LOUIS Blues zone.
0:42 of 3rd period - Off-side.
0:43 of 3rd period - Erik Haula wins face-off versus Viktor Arvidsson in neutral zone.
0:46 of 3rd period - Shot by Mikael Granlund.
0:46 of 3rd period - Goal by Mikael Granlund - NASHVILLE Predators : 3 - ST. LOUIS Blues : 2.
0:47 of 3rd period - Aleksander Barkov wins face-off versus Mikael Granlund in neutral zone.
1:16 of 3rd period - Shot by Reilly Smith.
1:16 of 3rd period - Shot Misses the Net.
2:10 of 3rd period - Andrew MacDonald is hit by Sven Andrighetto and loses puck.
2:35 of 3rd period - Shot by Sven Andrighetto.
2:35 of 3rd period - Stopped by Juuse Saros without a rebound.
2:36 of 3rd period - Jordan Staal wins face-off versus Claude Giroux in NASHVILLE Predators zone.
3:27 of 3rd period - Icing by Jamie Oleksiak.
3:28 of 3rd period - Thomas Vanek wins face-off versus Erik Haula in NASHVILLE Predators zone.
4:01 of 3rd period - Shot by Viktor Arvidsson.
4:01 of 3rd period - Shot Misses the Net.
4:30 of 3rd period - Jaccob Slavin is hit by Brandon Tanev and loses puck.
4:38 of 3rd period - Icing by Jaccob Slavin.
4:39 of 3rd period - Mika Zibanejad wins face-off versus Claude Giroux in NASHVILLE Predators zone.
4:53 of 3rd period - Mika Zibanejad is hit by Jonathan Marchessault and loses puck.
5:01 of 3rd period - Claude Giroux is hit by Andrew MacDonald.
5:11 of 3rd period - Shot by Claude Giroux.
5:11 of 3rd period - Goal by Claude Giroux - NASHVILLE Predators : 3 - ST. LOUIS Blues : 3.
5:12 of 3rd period - Jordan Staal wins face-off versus Paul Stastny in neutral zone.
5:21 of 3rd period - Shot by Marcus Johansson.
5:21 of 3rd period - Stopped by Juuse Saros without a rebound.
5:22 of 3rd period - Victor Rask wins face-off versus Chris Kreider in NASHVILLE Predators zone.
5:41 of 3rd period - Shot by Chris Kreider.
5:41 of 3rd period - Shot Misses the Net.
5:47 of 3rd period - Shot by Sven Andrighetto.
5:47 of 3rd period - Deflect By Kevin Labanc.
5:47 of 3rd period - Shot Misses the Net.
5:49 of 3rd period - Shot by Ben Lovejoy.
5:49 of 3rd period - Stopped by Juuse Saros without a rebound.
5:50 of 3rd period - Mika Zibanejad wins face-off versus Claude Giroux in NASHVILLE Predators zone.
6:01 of 3rd period - Icing by Jaccob Slavin.
6:02 of 3rd period - Mika Zibanejad wins face-off versus Erik Haula in NASHVILLE Predators zone.
6:15 of 3rd period - Shot by Andrew MacDonald.
6:15 of 3rd period - Shot Blocked by P.K. Subban.
7:04 of 3rd period - Shot by Jonathan Marchessault.
7:04 of 3rd period - Deflect By Mikael Granlund.
7:04 of 3rd period - Stopped by Juuse Saros with a rebound.
7:06 of 3rd period - Shot by Mikael Granlund.
7:06 of 3rd period - Shot Misses the Net.
7:10 of 3rd period - Shot by Claude Giroux.
7:10 of 3rd period - Stopped by Juuse Saros without a rebound.
7:11 of 3rd period - Paul Stastny wins face-off versus Jordan Staal in NASHVILLE Predators zone.
7:21 of 3rd period - Icing by Andrei Markov.
7:22 of 3rd period - Aleksander Barkov wins face-off versus Paul Stastny in ST. LOUIS Blues zone.
7:25 of 3rd period - Shot by Viktor Arvidsson.
7:25 of 3rd period - Stopped by Curtis McElhinney without a rebound.
7:26 of 3rd period - Aleksander Barkov wins face-off versus Claude Giroux in ST. LOUIS Blues zone.
7:32 of 3rd period - Aleksander Barkov is hit by Ben Lovejoy and loses puck.
7:53 of 3rd period - Shot by Aleksander Barkov.
7:53 of 3rd period - Shot Blocked by Colin Miller.
7:55 of 3rd period - Shot by Viktor Arvidsson.
7:55 of 3rd period - Shot Blocked by Ben Lovejoy.
7:57 of 3rd period - Shot by Viktor Arvidsson.
7:57 of 3rd period - Shot Blocked by Colin Miller.
8:05 of 3rd period - Shot by Viktor Arvidsson.
8:05 of 3rd period - Stopped by Curtis McElhinney without a rebound.
8:06 of 3rd period - Jordan Staal wins face-off versus Paul Stastny in ST. LOUIS Blues zone.
9:11 of 3rd period - Shot by Reilly Smith.
9:11 of 3rd period - Stopped by Curtis McElhinney without a rebound.
9:12 of 3rd period - Aleksander Barkov wins face-off versus Claude Giroux in ST. LOUIS Blues zone.
9:45 of 3rd period - Shot by Mikael Granlund.
9:45 of 3rd period - Shot Misses the Net.
9:47 of 3rd period - Shot by Mikael Granlund.
9:47 of 3rd period - Stopped by Juuse Saros without a rebound.
9:48 of 3rd period - Erik Haula wins face-off versus Mika Zibanejad in NASHVILLE Predators zone.
10:12 of 3rd period - Shot by Alex DeBrincat.
10:12 of 3rd period - Stopped by Curtis McElhinney with a rebound.
10:14 of 3rd period - Shot by Reilly Smith.
10:14 of 3rd period - Stopped by Curtis McElhinney without a rebound.
10:15 of 3rd period - Sean Kuraly wins face-off versus Victor Rask in ST. LOUIS Blues zone.
10:26 of 3rd period - Anthony Duclair is hit by Victor Rask and loses puck.
10:33 of 3rd period - Shot by Sven Andrighetto.
10:33 of 3rd period - Stopped by Juuse Saros with a rebound.
10:35 of 3rd period - Shot by Ben Lovejoy.
10:35 of 3rd period - Stopped by Juuse Saros without a rebound.
10:36 of 3rd period - Claude Giroux wins face-off versus Aleksander Barkov in NASHVILLE Predators zone.
10:41 of 3rd period - Shot by Jonathan Marchessault.
10:41 of 3rd period - Stopped by Juuse Saros without a rebound.
10:42 of 3rd period - Mikael Granlund wins face-off versus Aleksander Barkov in NASHVILLE Predators zone.
10:43 of 3rd period - Shot by Claude Giroux.
10:43 of 3rd period - Shot Misses the Net.
11:03 of 3rd period - Shot by Viktor Arvidsson.
11:03 of 3rd period - Stopped by Curtis McElhinney without a rebound.
11:04 of 3rd period - Erik Haula wins face-off versus Alex DeBrincat in ST. LOUIS Blues zone.
11:11 of 3rd period - Shot by Erik Haula.
11:11 of 3rd period - Stopped by Juuse Saros with a rebound.
11:14 of 3rd period - Icing by Dan Hamhuis.
11:15 of 3rd period - Mika Zibanejad wins face-off versus Claude Giroux in NASHVILLE Predators zone.
11:24 of 3rd period - Icing by Andrei Markov.
11:25 of 3rd period - Claude Giroux wins face-off versus Aleksander Barkov in ST. LOUIS Blues zone.
11:25 of 3rd period - Mikael Granlund is hit by Chris Kreider and loses puck.
11:55 of 3rd period - Off-side.
11:56 of 3rd period - Jordan Staal wins face-off versus Paul Stastny in neutral zone.
12:15 of 3rd period - Shot by Thomas Vanek.
12:15 of 3rd period - Goal by Thomas Vanek - NASHVILLE Predators : 4 - ST. LOUIS Blues : 3.
12:16 of 3rd period - Erik Haula wins face-off versus Mika Zibanejad in neutral zone.
12:31 of 3rd period - Shot by Connor Brown.
12:31 of 3rd period - Shot Blocked by Jake Muzzin.
12:33 of 3rd period - Shot by Erik Haula.
12:33 of 3rd period - Shot Misses the Net.
12:56 of 3rd period - Brandon Tanev is hit by Jamie Oleksiak and loses puck.
15:09 of 3rd period - P.K. Subban is hit by Sean Kuraly.
15:17 of 3rd period - Shot by Anders Lee.
15:17 of 3rd period - Shot Blocked by Jamie Oleksiak.
15:19 of 3rd period - Shot by P.K. Subban.
15:19 of 3rd period - Shot Blocked by Jamie Oleksiak.
15:21 of 3rd period - Shot by Marcus Johansson.
15:21 of 3rd period - Stopped by Juuse Saros without a rebound.
15:22 of 3rd period - Mika Zibanejad wins face-off versus Connor Brown in NASHVILLE Predators zone.
16:42 of 3rd period - Shot by Marcus Johansson.
16:42 of 3rd period - Shot Misses the Net.
17:01 of 3rd period - Icing by Viktor Arvidsson.
17:02 of 3rd period - Victor Rask wins face-off versus Aleksander Barkov in NASHVILLE Predators zone.
17:15 of 3rd period - Shot by Kevin Labanc.
17:15 of 3rd period - Shot Blocked by Dan Hamhuis.
17:17 of 3rd period - Shot by Kevin Labanc.
17:17 of 3rd period - Shot Blocked by Esa Lindell.
17:19 of 3rd period - Shot by Victor Rask.
17:19 of 3rd period - Shot Blocked by Dan Hamhuis.
17:21 of 3rd period - Shot by P.K. Subban.
17:21 of 3rd period - Stopped by Juuse Saros without a rebound.
17:22 of 3rd period - Erik Haula wins face-off versus Jordan Staal in NASHVILLE Predators zone.
17:37 of 3rd period - Shot by Connor Brown.
17:37 of 3rd period - Stopped by Juuse Saros with a rebound.
18:21 of 3rd period - Shot by Reilly Smith.
18:21 of 3rd period - Shot Blocked by Ben Lovejoy.
18:23 of 3rd period - Shot by Alex DeBrincat.
18:23 of 3rd period - Shot Misses the Net.
18:37 of 3rd period - Shot by Reilly Smith.
18:37 of 3rd period - Shot Blocked by Ben Lovejoy.
19:35 of 3rd period - ST. LOUIS Blues, Curtis McElhinney is pulled from the net.
19:53 of 3rd period - Shot by Anders Lee.
19:53 of 3rd period - Stopped by Juuse Saros without a rebound.
19:54 of 3rd period - Claude Giroux wins face-off versus Aleksander Barkov in NASHVILLE Predators zone.
19:55 of 3rd period - Shot by Anders Lee.
19:55 of 3rd period - Goal by Anders Lee - NASHVILLE Predators : 4 - ST. LOUIS Blues : 4.
19:55 of 3rd period - Curtis McElhinney from ST. LOUIS Blues was sent back in the game.
19:56 of 3rd period - Aleksander Barkov wins face-off versus Victor Rask in neutral zone.
Goals for this period are 1 for NASHVILLE Predators vs 3 for ST. LOUIS Blues.
Shots for this period are 8 for NASHVILLE Predators vs 17 for ST. LOUIS Blues.

Overtime #1


0:01 of 1st overtime period - Mikael Granlund wins face-off versus Aleksander Barkov in neutral zone.
0:20 of 1st overtime period - Shot by Claude Giroux.
0:20 of 1st overtime period - Stopped by Juuse Saros without a rebound.
0:21 of 1st overtime period - Claude Giroux wins face-off versus Aleksander Barkov in NASHVILLE Predators zone.
0:34 of 1st overtime period - Shot by Claude Giroux.
0:34 of 1st overtime period - Shot Blocked by Jaccob Slavin.
0:36 of 1st overtime period - Shot by Claude Giroux.
0:36 of 1st overtime period - Shot Misses the Net.
0:56 of 1st overtime period - Shot by Mikael Granlund.
0:56 of 1st overtime period - Stopped by Juuse Saros without a rebound.
0:57 of 1st overtime period - Claude Giroux wins face-off versus Aleksander Barkov in NASHVILLE Predators zone.
1:04 of 1st overtime period - Shot by Claude Giroux.
1:04 of 1st overtime period - Shot Misses the Net.
1:07 of 1st overtime period - Icing by Jaccob Slavin.
1:08 of 1st overtime period - Aleksander Barkov wins face-off versus Claude Giroux in NASHVILLE Predators zone.
1:17 of 1st overtime period - Shot by Mikael Granlund.
1:17 of 1st overtime period - Shot Misses the Net.
1:29 of 1st overtime period - Shot by Claude Giroux.
1:29 of 1st overtime period - Shot Misses the Net.
2:37 of 1st overtime period - Shot by Jonathan Marchessault.
2:37 of 1st overtime period - Shot Misses the Net.
2:58 of 1st overtime period - Off-side.
2:59 of 1st overtime period - Connor Brown wins face-off versus Patrik Berglund in neutral zone.
3:06 of 1st overtime period - Shot by Marcus Johansson.
3:06 of 1st overtime period - Shot Misses the Net.
3:24 of 1st overtime period - Shot by Viktor Arvidsson.
3:24 of 1st overtime period - Stopped by Curtis McElhinney without a rebound.
3:25 of 1st overtime period - Connor Brown wins face-off versus Aleksander Barkov in ST. LOUIS Blues zone.
3:27 of 1st overtime period - Icing by Marcus Johansson.
3:28 of 1st overtime period - Aleksander Barkov wins face-off versus Connor Brown in ST. LOUIS Blues zone.
3:31 of 1st overtime period - Shot by Viktor Arvidsson.
3:31 of 1st overtime period - Shot Hit the Post.
3:47 of 1st overtime period - Shot by Aleksander Barkov.
3:47 of 1st overtime period - Shot Misses the Net.
3:49 of 1st overtime period - Shot by Andrew MacDonald.
3:49 of 1st overtime period - Shot Misses the Net.
3:51 of 1st overtime period - Shot by Andrew MacDonald.
3:51 of 1st overtime period - Stopped by Curtis McElhinney without a rebound.
3:52 of 1st overtime period - Mika Zibanejad wins face-off versus Claude Giroux in ST. LOUIS Blues zone.
4:53 of 1st overtime period - Shot by Aleksander Barkov.
4:53 of 1st overtime period - Goal by Aleksander Barkov - NASHVILLE Predators : 5 - ST. LOUIS Blues : 4.
Goals for this period are 1 for NASHVILLE Predators vs 0 for ST. LOUIS Blues.
Shots for this period are 3 for NASHVILLE Predators vs 2 for ST. LOUIS Blues.